 Seeded DCSS version 0.30.1-4-g462c640d31 (webtiles) character file.

Game seed: 6351066067085065685 (custom seed)

161 Esekla the Magician (level 5, -3/28 HPs)
             Began as a Deep Elf Wanderer on Sept 13, 2023.
             Was a Follower of Vehumet.
             Slain by a gnoll
             ... wielding a +0 club
              (4 damage)
             ... on level 4 of the Dungeon.
             The game lasted 00:21:17 (2758 turns).

Esekla the Magician (Deep Elf Wanderer)             Turns: 2758, Time: 00:21:18

Health: -3/28      AC:  4    Str: 11    XL:     5   Next: 18%
Magic:  4/15       EV: 11    Int: 20    God:    Vehumet [*.....]
Gold:   195        SH:  4    Dex: 11    Spells: 6/16 levels left

rFire   . . .        a - +1 short sword (freeze)
rCold   . . .        d - +0 buckler
rNeg    . . .        c - +0 robe
rPois   .            l - +0 helmet
rElec   .            (no cloak)
rCorr   .            k - +0 pair of gloves
SInv    .            (no boots)
Will    .....        (no amulet)
Stlth   ++           (no ring)
HPRegen 0.24/turn    (no ring)
MPRegen 0.14/turn

%: no passive effects
@: weakened, very slightly contaminated
A: no striking features
a: Renounce Religion


You were on level 4 of the Dungeon.
You worshipped Vehumet.
Vehumet was aware of your devotion.
You visited 1 branch of the dungeon, and saw 4 of its levels.

You collected 195 gold pieces.

Inventory:

Hand Weapons
 a - a +1 short sword of freezing (weapon)
 r - a +0 trident
 s - the +5 rapier of the Hero {heavy, rN+ Dex+3}
   (You found it on level 3 of the Dungeon)

   Dex:       It affects your dexterity (+3).
   rN:        It protects you from negative energy.
Armour
 c - a +0 robe (worn)
 d - a +0 buckler (worn)
 k - a +0 pair of gloves (worn)
 l - a +0 helmet (worn)
Wands
 q - a wand of roots (4)
Scrolls
 g - 4 scrolls of identify {unknown}
 n - 2 scrolls of enchant weapon {unknown}
 o - a scroll of amnesia {unknown}
 p - a scroll of enchant armour {unknown}
 t - a scroll of blinking {unknown}
 v - a scroll of fog {unknown}
 w - a scroll of immolation {unknown}
 x - a scroll of summoning {unknown}
Potions
 b - a potion of lignification
 e - a potion of ambrosia {unknown}
 f - 2 potions of attraction {unknown}
 h - a potion of heal wounds {unknown}
 i - 2 potions of curing {unknown}
 j - a potion of haste {unknown}
 m - a potion of mutation {unknown}
 u - 2 potions of brilliance {unknown}


   Skills:
 + Level 1.3 Short Blades
 * Level 1.1 Dodging
 + Level 1.2 Stealth
 + Level 1.8 Shields
 * Level 6.4 Spellcasting
 + Level 1.8 Conjurations
 * Level 1.4 Necromancy
 + Level 2.5 Translocations
 + Level 1.0 Invocations


You had 6 spell levels left.
You knew the following spells:

 Your Spells              Type           Power      Damage    Failure   Level
a - Magic Dart            Conj           52%        1d5       7%          1
b - Blink                 Tloc           32%        N/A       8%          2
d - Vampiric Draining     Necr           12%        2d6       24%         3
p - Apportation           Tloc           32%        N/A       5%          1
t - Teleport Other        Tloc           16%        N/A       16%         3

Your spell library contained the following spells:

 Spells                   Type           Power      Damage    Failure   Level
 Kiss of Death            Conj/Necr      52%        2d9       8%          1
 Lesser Beckoning         Tloc           32%        N/A       8%          2
 Gell's Gravitas          Tloc           16%        N/A       16%         3
 Ignite Poison            Fire/Tmut/Pois 6%         N/A       41%         3


Dungeon Overview and Level Annotations

Branches:
Dungeon (4/15)
 Temple: D:4-7

Altars:
Hepliaklqana
Okawaru
Qazlal
Trog
Vehumet
Zin
The Shining One

Shops:
D:2 =   D:4 (


Message History

Confirm with . or Enter, or press ? or * to list all spells.
The spell is extremely dangerous to miscast (24% risk of failure)!
Continue anyway?
Aiming: Vampiric Draining (extremely dangerous; 24% risk of failure)
Press: ? - help, Shift-Dir - straight line, f/p - gnoll
Aim: a gnoll, wielding a +0 whip (lightly wounded, covering ground quickly)
You draw life force from the gnoll!
You feel life coursing into your body. The gnoll hits you with a +0 whip!
* * * LOW HITPOINT WARNING * * *
You block the gnoll bouda's attack.
Okay, then.
Aiming: Fastroot
Press: ? - help, Shift-Dir - straight line, f - gnoll bouda, p - gnoll
Aim: a gnoll bouda, wielding a +0 club and wearing a +0 leather armour The roots erupt in riotous growth!
Roots grab the gnoll bouda.
Roots grab the gnoll.
The grasping roots constrict the gnoll bouda.
The grasping roots constrict the gnoll!
You kill the gnoll!
Vehumet accepts your kill.
You feel your power returning.
You hear a shout! x2
The gnoll bouda gazes fiercely through you!
You feel as though you will be weak longer.
You block the gnoll bouda's attack.
Your life force feels restored.
Press: ? - help, v - describe, . - travel, g - get item
Here: a gnoll, wielding a +0 club (covering ground quickly)
Items here: ))))) [ ÷÷÷ †.
The floor, spattered with blood.
Aiming: Fastroot
Press: ? - help, Shift-Dir - straight line, f - gnoll, p - gnoll bouda
Aim: a gnoll, wielding a +0 club (covering ground quickly)
The roots erupt in riotous growth!
Roots grab the gnoll.
The gnoll bouda is unaffected.
The grasping roots constrict the gnoll bouda.
The grasping roots constrict the gnoll.
The roots release their grip on the gnoll bouda.
The gnoll hits you with a +0 club.
You die...

...##....##...............### #.
...#........................####.
..g#......g.g.....##.............
##.#............................#
..g##......g.....................
...#####.........#####...........
...##.........#.'#.#.#'....##....
..............###g.#.)##...##....
...........(..##@g_#_..#....#....
..............##########....+....
..............##.._#_..#....#....
.......####'#####..#..##.........
..........†.).'.'#.#.#'..#......#
............###..#####...#.......
............###..........#.......
..........#.##................#..
......#####.##..........##....#.#


You could see a gnoll bouda and a gnoll (swift, rooted).

Vanquished Creatures
  A hound (D:3)
  4 gnolls (D:4)
  3 adders
  A worm (D:4)
  2 dart slugs
  7 orcs
  6 ball pythons
  4 endoplasms
  8 goblins
  4 hobgoblins
  A quokka (D:1)
  4 bats
  4 frilled lizards
  3 kobolds
52 creatures vanquished.

Notes
Turn   | Place    | Note
-------+----------+-------------------------------------------
     0 | D:1      | Esekla the Deep Elf Wanderer began the quest for the Orb.
     0 | D:1      | Esekla set off with the following items: a +0 club, a
                  | potion of lignification, a +0 robe, a +0 buckler; and the
                  | following spells available to memorise: Apportation, Blink,
                  | Lesser Beckoning, Magic Dart, Ignite Poison, Vampiric
                  | Draining.
     0 | D:1      | Reached XP level 1. HP: 10/10 MP: 7/7
     2 | D:1      | Learned a level 1 spell: Magic Dart
     4 | D:1      | Learned a level 1 spell: Apportation
   224 | D:2      | Found Renulab's Jewellery Shop.
   446 | D:4      | Found a radiant altar of Vehumet.
   457 | D:4      | Found an iron altar of Okawaru.
   465 | D:4      | Found a glowing silver altar of Zin.
   705 | D:4      | Became a worshipper of Vehumet
   750 | D:4      | Found Ponaysk's Antique Weapon Boutique.
  1009 | D:2      | Noticed a black bear
  1079 | D:3      | Reached XP level 2. HP: 15/15 MP: 6/9
  1082 | D:3      | Learned a level 2 spell: Blink
  1087 | D:3      | Reached skill level 5 in Spellcasting
  1232 | D:3      | Identified the +5 rapier of the Hero {heavy, rN+ Dex+3}
  1516 | D:1      | Reached XP level 3. HP: 16/19 MP: 2/12
  1520 | D:1      | Learned a level 3 spell: Vampiric Draining
  1652 | D:1      | Learned a level 3 spell: Teleport Other
  1721 | D:1      | Reached * piety under Vehumet
  1721 | D:1      | Offered knowledge of Kiss of Death by Vehumet.
  2257 | D:3      | Found a stormy altar of Qazlal.
  2275 | D:3      | Reached XP level 4. HP: 23/24 MP: 11/13
  2284 | D:3      | Reached skill level 1 in Dodging
  2284 | D:3      | Reached skill level 6 in Spellcasting
  2284 | D:3      | Reached skill level 1 in Necromancy
  2331 | D:3      | Found a bloodstained altar of Trog.
  2334 | D:3      | Found a hazy altar of Hepliaklqana.
  2528 | D:4      | Found a glowing golden altar of the Shining One.
  2540 | D:4      | Reached skill level 1 in Conjurations
  2626 | D:4      | Reached skill level 1 in Short Blades
  2626 | D:4      | Reached XP level 5. HP: 28/28 MP: 15/15
  2756 | D:4      | HP: 1/27 [gnoll/+0 whip[a gnoll bouda] (9)]
  2758 | D:4      | Slain by a gnoll

Illustrated notes

Levels and vault maps discovered:
D:1:      sevenhm_arrival_forest_fort_small_3, layout_rooms,
          chequers_serial_rivers_room_b, minmay_misc_feat_five
D:2:      layout_loops_ring, dreamdust_ecumenical_altar_angels_and_demons,
          serial_shops, shop
D:3:      layout_basic, grunt_temple_overflow_open, minmay_misc_feat_iff
D:4:      layout_basic, nicolae_overflow_quartered_altars, serial_shops,
          nicolae_diamond_shop

Skill      XL: |  1  2  3  4 |
---------------+-------------+-----
Spellcasting   | 5 6 |  6.4
Dodging        | 1 |  1.1
Necromancy     | 1 |  1.4
Conjurations   | 1 |  1.8
Short Blades   | 1 |  1.3
Stealth        | |  1.2
Shields        | |  1.8
Translocations | |  2.5
Invocations    | |  1.0

Action                     |  1- 3 |  4- 6 || total
---------------------------+-------+-------++-------
  Melee: Short sword       |    82 |    48 ||   130
   Cast: Apportation       |    28 |     2 ||    30
         Magic Dart        |    52 |     6 ||    58
         Vampiric Draining |       |     7 ||     7
  Evoke: Wand              |     1 |     2 ||     3
    Use: Scroll            |     1 |       ||     1
   Stab: Sleeping          |     2 |       ||     2
 Armour: Robe              |    33 |     9 ||    42
  Dodge: Dodged            |    54 |    28 ||    82
  Block: Buckler           |    12 |     9 ||    21
